 Dungeon Crawl Stone Soup version 0.29-a0-283-ga02f740833 (webtiles) character file.

Game seed: 966165624034002315

302 N1x1T4 the Grave Robber (level 6, -2/51 HPs)
             Began as a Deep Dwarf Necromancer on Mar 13, 2022.
             Slain by an ogre
             ... wielding a +0 giant club
              (22 damage)
             ... on level 5 of the Dungeon on Mar 14, 2022.
             The game lasted 00:45:02 (9664 turns).

N1x1T4 the Grave Robber (Deep Dwarf Necromancer)    Turns: 9664, Time: 00:45:03

Health: -2/51      AC: 14    Str: 13    XL:     6   Next: 14%
Magic:  7/7        EV:  4    Int: 16    God:
Gold:   245        SH:  0    Dex: 13    Spells: 7/8 levels left

rFire   . . .      SeeInvis .   t - +3 flail (vamp)
rCold   . . .      Faith    .   (no shield)
rNeg    . . .      Spirit   .   o - +1 plate armour
rPois   .          Reflect  .   (no helmet)
rElec   .          Harm     .   (no cloak)
rCorr   .          Rampage  .   h - +1 pair of gloves
Will    +....                   (no boots)
Stlth   ..........              k - amulet of regeneration
HPRegen 0.00/turn               w - +4 ring of slaying
MPRegen 0.10/turn               v - ring of willpower

@: about to teleport
A: damage resistance, heal wounds, sense surroundings 1, no regeneration
a: Heal Wounds


You were on level 5 of the Dungeon.
You visited 1 branch of the dungeon, and saw 5 of its levels.
You also visited: Sewer.

You collected 245 gold pieces.

Inventory:

Hand Weapons
 c - a +0 whip
 d - a +0 hand axe
 f - a +0 quarterstaff
 i - a +2 hand axe of flaming
 q - a +0 hunting sling
 t - a +3 vampiric flail (weapon)
Missiles
 a - 6 atropa-tipped darts (quivered)
 e - 161 stones
Armour
 h - a +1 pair of gloves (worn)
 o - a +1 plate armour (worn)
Jewellery
 j - an amulet of the acrobat
 k - an amulet of regeneration (around neck)
 n - an amulet of the acrobat
 s - a ring of poison resistance
 v - a ring of willpower (right hand)
 w - a +4 ring of slaying (left hand)
Scrolls
 l - a scroll of silence {unknown}
 p - 2 scrolls of enchant armour
 r - a scroll of summoning
 u - a scroll of immolation
 x - a scroll of teleportation
 y - a scroll of fog {unknown}
Potions
 g - a potion of haste {unknown}
 m - 2 potions of attraction {unknown}


   Skills:
 + Level 1.6 Fighting
 + Level 2.2(2.6) Axes
 + Level 1.7(2.2) Maces & Flails
 + Level 2.8 Armour
 + Level 2.9 Dodging
 + Level 4.3 Stealth
 + Level 0.4 Unarmed Combat
 + Level 1.8 Spellcasting
 + Level 4.8 Necromancy
 + Level 0.4 Evocations


You had 7 spell levels left.
You knew the following spells:

 Your Spells              Type           Power      Damage    Failure   Level
a - Pain                  Necr           64%        1d7       99%         1

Your spell library contained the following spells:

 Spells                   Type           Power      Damage    Failure   Level
 Animate Skeleton         Necr           32%        N/A       99%         1
 Apportation              Tloc           2%         N/A       100%        1
 Blink                    Tloc           2%         N/A       100%        2
 Gell's Gravitas          Tloc           1%         N/A       100%        3
 Lesser Beckoning         Tloc           1%         N/A       100%        3
 Teleport Other           Tloc           1%         N/A       100%        3
 Vampiric Draining        Necr           16%        2d7       100%        3
 Animate Dead             Necr           8%         N/A       100%        4
 Agony                    Necr           16%        N/A       100%        5
 Alistair's Intoxication  Tmut/Pois      0%         N/A       100%        5
 Manifold Assault         Tloc           1%         N/A       100%        5
 Dispersal                Tloc           0%         N/A       100%        6


Dungeon Overview and Level Annotations

Branches:
Dungeon (5/15)              Sewer (visited)
 Temple: D:4-7

Altars:
Kikubaaqudgha
Makhleb

Shops:
D:1 (


Innate Abilities, Weirdness & Mutations

You are resistant to damage.
You can heal yourself by infusing magical energy.
You passively map a small area around you.
You do not regenerate.


Message History

i - a +2 hand axe of flaming (weapon)
Your +2 hand axe of flaming stops flaming.
You feel a sense of dread.
t - a +3 vampiric flail (weapon)
Welcome back, N1x1T4 the Deep Dwarf Necromancer.
Press ? for a list of commands and other information.
You now have 245 gold pieces (gained 6).
An adder comes into view.
Found 15 stones.
The adder hisses angrily.
An ogre comes into view. It is wielding a +0 giant club.
The ogre shouts!
You hit the adder.
The adder is moderately wounded.
The adder bites you but does no damage. The adder barely misses you.
You barely miss the adder.
The adder is moderately wounded.
The adder bites you but does no damage.
You hit the adder.
The adder is severely wounded.
The adder bites you but does no damage. x2
Press: ? - help, v - describe, . - travel The floor.
You hit the adder.
The adder is almost dead.
The adder bites you. The adder bites you but does no damage.
You barely miss the adder. You punch the adder.
You kill the adder!
The ogre hits you with a +0 giant club!!
The ogre attacks as you move away! The ogre hits you with a +0 giant club!
Okay, then.
Unknown command.
Okay, then.
You remove your ring of poison resistance.
w - a +4 ring of slaying (left hand)
An ogre is nearby!
As you read the scroll of teleportation, it crumbles to dust.
You feel strangely unstable.
The ogre hits you with a +0 giant club!!
You die...

, * #### * ,, .# # #... ,
...#** * .#.# .# #..# #..# #*
#.#.,#.### #..# #..# .. ...
.....# #..# #..# ...
..##.#.#.# #..# #..# ....
..#..#.#.# #..#####..#..... *
.......#.#####...............
,
................@O....†......
<#...#.#.#######...####..(...
.#*.##.#.# ###..# **..... *
<#####.#.# #....# * ....
.........# #.#### **...
######.### #.# +# #.# #.# #.#
#.# #.# #.#


You could see an ogre.

Vanquished Creatures
  A necrophage (D:4)
  A hound (D:4)
  Jessica (D:2)
  An orc wizard (D:3)
  4 gnolls (D:2)
  5 adders
  2 worms
  A dart slug (D:4)
  5 orcs (D:3)
  8 endoplasms
  4 giant cockroaches
  5 goblins
  7 hobgoblins
  4 jackals (D:2)
  3 kobolds
  6 quokkas
  3 ball pythons
  2 bats
  A frilled lizard (D:1)
  4 rats
68 creatures vanquished.

Notes
Turn   | Place    | Note
-------+----------+-------------------------------------------
     0 | D:1      | N1x1T4 the Deep Dwarf Necromancer began the quest for the
                  | Orb.
     0 | D:1      | Reached XP level 1. HP: 15/15 MP: 3/3
   102 | D:1      | Found Sailiax's Antique Weapon Shoppe.
   177 | D:1      | Found a faded altar of an unknown god.
  1181 | D:1      | Reached XP level 2. HP: 10/22 MP: 4/4
  2346 | D:2      | Found an ancient bone altar of Kikubaaqudgha.
  2557 | D:2      | Noticed Jessica
  2562 | D:2      | Killed Jessica
  2563 | D:2      | Reached skill level 1 in Axes
  2563 | D:2      | Reached XP level 3. HP: 22/30 MP: 3/5
  2671 | D:2      | Reached XP level 4. HP: 24/37 MP: 6/6
  7143 | D:2      | Reached skill level 1 in Armour
  7944 | D:3      | Reached XP level 5. HP: 24/43 MP: 7/7
  8698 | D:4      | Reached skill level 1 in Fighting
  8698 | D:4      | Reached skill level 1 in Maces & Flails
  8841 | D:4      | Found a burning altar of Makhleb.
  8858 | D:4      | Reached XP level 6. HP: 48/51 MP: 7/7
  9133 | D:4      | Found a glowing drain.
  9204 | Sewer    | Entered a sewer
  9425 | D:5      | Entered Level 5 of the Dungeon
  9664 | D:5      | Slain by an ogre

Illustrated notes

Levels and vault maps discovered:
D:1:      wander_arrival_estate, layout_loops_corners, serial_shops, shop,
          chequers_ecumenical_altar_simple
D:2:      layout_basic, basic_altar, uniq_jessica
D:3:      layout_basic
D:4:      layout_loops_ring, makhleb_blood_cavern_becter, portal_sewer_entry_f,
          item_on_display_a
D:5:      layout_loops_corners, trog_butcher_becter

Skill      XL: |  1  2  3  4  5 |
---------------+----------------+-----
Axes           | 1 2 |  2.2
Stealth        | 3 4 |  4.3
Armour         | 1 2 |  2.8
Fighting       | 1 |  1.6
Maces & Flails | 1 |  1.7
Dodging        | |  2.9
Unarmed Combat | |  0.4
Spellcasting   | |  1.8
Necromancy     | |  4.8
Evocations     | |  0.4

Action                   |  1- 3 |  4- 6 || total
-------------------------+-------+-------++-------
Melee: Unarmed           |    36 |       ||    36
       Hand axe          |    77 |    54 ||   131
       Flail             |       |   123 ||   123
       Punch             |       |     3 ||     3
Throw: Dart              |       |     1 ||     1
 Cast: Pain              |     4 |       ||     4
 Abil: Heal Wounds       |     2 |     1 ||     3
Evoke: Wand              |     3 |     6 ||     9
  Use: Scroll            |     1 |     9 ||    10
       Potion            |     1 |     3 ||     4
 Stab: Sleeping          |     1 |     2 ||     3
       Paralysed         |    11 |    11 ||    22
Armor: Robe              |    42 |       ||    42
       Ring mail         |    15 |    20 ||    35
       Chain mail        |       |    63 ||    63
       Plate armour      |       |    70 ||    70
Dodge: Dodged            |   103 |    67 ||   170

Table legend: (Time is in decaauts)
 A = Elapsed time spent in this place.
 B = Non-inter-level travel time spent in this place.
 C = Inter-level travel time spent in this place.
 D = Time resting spent in this place.
 E = Time spent auto-exploring this place.
 F = Levels seen in this place.
 G = Mean time per level.
                   A        B        C        D        E       F      G
               +--------+--------+--------+--------+--------+-----+--------+
         Total |   9750 |   9700 |     50 |   5200 |   1271 |   6 | 1625.0 |
       Dungeon |   9740 |   9690 |     50 |   5200 |   1271 |   5 | 1948.0 |
         Sewer |     10 |     10 |      0 |      0 |      0 |   1 |   10.0 |
               +--------+--------+--------+--------+--------+-----+--------+

Top non-repeatable levels by time:
     D:2: 4982 daAuts
     D:1: 2275 daAuts
     D:3: 1512 daAuts
     D:4: 731 daAuts
     D:5: 238 daAuts
   Sewer: 10 daAuts
